 Dungeon Crawl Stone Soup version 0.24-a0-370-g78e9d4e317 (webtiles) character file.

Game seed: 8896124091356578621

182 Roikka the Shield-Bearer (level 5, -12/45 HPs)
             Began as a Hill Orc Fighter on May 30, 2019.
             Mangled by an ogre
             ... wielding a +0 giant spiked club
              (23 damage)
             ... on level 4 of the Dungeon.
             The game lasted 00:06:07 (2875 turns).

Roikka the Shield-Bearer (Hill Orc Fighter)         Turns: 2875, Time: 00:06:07

Health: -12/45     AC: 12    Str: 20    XL:     5   Next: 62%
Magic:  5/5        EV:  5    Int:  8    God:
Gold:   128        SH: 10    Dex: 10    Spells: 4/4 levels left

rFire    . . .     SeeInvis .   n - +2 whip (elec)
rCold    . . .     Gourm    .   c - +0 shield
rNeg     . . .     Faith    .   r - +0 chain mail
rPois    .         Spirit   .   (no helmet)
rElec    .         Reflect  .   (no cloak)
rCorr    .         Harm     .   (no gloves)
MR       .....                  (no boots)
Stlth    ..........             (no amulet)
HPRegen  0.15/turn              g - +3 ring of protection
MPRegen  0.09/turn              (no ring)

@: no status effects
A: no striking features
a: no special abilities


You were on level 4 of the Dungeon.
You were not hungry.

You visited 1 branch of the dungeon, and saw 4 of its levels.

You collected 128 gold pieces.

Inventory:

Hand Weapons
 a - a +0 flail
 n - a +2 whip of electrocution (weapon)
Armour
 c - a +0 shield (worn)
 r - a +0 chain mail (worn)
Jewellery
 g - a +3 ring of protection (left hand)
Wands
 j - a wand of random effects (8)
Scrolls
 h - a scroll of identify
 k - a scroll of blinking
Potions
 d - 3 potions of might
 e - a potion of agility {unknown}
 i - a potion of heal wounds {unknown}
 l - a potion of curing
 m - a potion of flight {unknown}
 o - a potion of degeneration {unknown}
 p - 2 potions of cancellation {unknown}
Comestibles
 f - 8 rations
 q - 4 chunks of flesh


   Skills:
 - Level 3.6 Fighting
 * Level 4.6 Maces & Flails
 - Level 3.2 Armour
 * Level 5.3 Shields


You had 4 spell levels left.
You didn't know any spells.
Your spell library was empty.

Dungeon Overview and Level Annotations

Branches:
Dungeon (4/15)
 Temple: D:4-7

Altars:
Cheibriados
Ru
Zin


Message History

The ogre is lightly wounded.
The ogre hits you with a +0 giant spiked club.
You are too injured to fight recklessly!
You are too injured to fight recklessly!
You are too injured to fight recklessly!
You are too injured to fight recklessly!
You hit the ogre but do no damage. Lightning courses through the ogre!
The ogre is heavily wounded.
You block the ogre's attack.
Your chain mail prevents you from hitting the ogre.
The ogre is heavily wounded.
You hit the ogre.
The ogre is heavily wounded.
The ogre hits you with a +0 giant spiked club!
* * * LOW HITPOINT WARNING * * *
You hit the ogre.
The ogre is severely wounded.
The ogre hits you with a +0 giant spiked club!!
Ouch! That really hurt!
You die...

.........>..............##
.#############.._..⌠.._..#
.# #...........# .##
##........#.# ≈≈#
#..(.......# ###
#......#..## # ##.......##
#.####### #@# ##O# #.Z#
#..## ..... ....(..
....... ....... #####.#


You could see an ogre and a quokka skeleton.

Vanquished Creatures
  A worker ant (D:4)
  7 adders
  2 worms (D:2)
  4 dart slugs
  3 leopard geckos
  5 orcs (D:4)
  A ball python (D:1)
  10 bats
  A giant cockroach (D:1)
  5 goblins
  7 hobgoblins
  5 jackals
  11 kobolds
  5 frilled lizards
  A leopard gecko zombie (D:3)
  8 rats
76 creatures vanquished.

Notes
Turn   | Place    | Note
-------+----------+-------------------------------------------
     0 | D:1      | Roikka the Hill Orc Fighter began the quest for the Orb.
     0 | D:1      | Reached XP level 1. HP: 19/19 MP: 1/1
    74 | D:1      | Reached XP level 2. HP: 16/26 MP: 2/2
   496 | D:1      | Reached XP level 3. HP: 31/31 MP: 3/3
   500 | D:1      | Reached skill level 4 in Shields
  1316 | D:2      | Reached XP level 4. HP: 39/39 MP: 4/4
  1610 | D:2      | Found a faded altar of an unknown god.
  2070 | D:3      | Reached XP level 5. HP: 44/45 MP: 5/5
  2205 | D:3      | Reached skill level 5 in Shields
  2231 | D:3      | Found a snail-covered altar of Cheibriados.
  2831 | D:4      | Found a sacrificial altar of Ru.
  2837 | D:4      | Found a glowing silver altar of Zin.
  2863 | D:4      | Noticed an ogre
  2875 | D:4      | Mangled by an ogre

Levels and vault maps discovered:
D:1:      eino_arrival_water_star, layout_loops_ring
D:2:      layout_rooms, serial_glass, glass_columns_b, glass_columns_a,
          minmay_strange_pillars, chequers_ecumenical_altar_grove, first_ration
D:3:      layout_loops_corners, kennysheep_slug_shrine
D:4:      cheibrodos_thug_alley, layout_basic, nicolae_qazlal_style_of_elements,
          grunt_temple_overflow_open

Skill      XL: |  1  2  3  4  5 |
---------------+----------------+-----
Maces & Flails | 3 4 |  4.6
Shields        | 4 5 |  5.3
Fighting       | |  3.6
Armour         | |  3.2

Action                   |  1- 3 |  4- 6 || total
-------------------------+-------+-------++-------
Melee: Flail             |   122 |       ||   122
       Whip              |     3 |   145 ||   148
  Use: Scroll            |       |     7 ||     7
  Eat: Chunk             |     2 |     5 ||     7
Armor: Scale mail        |    62 |    39 ||   101
       Chain mail        |       |     6 ||     6
Dodge: Dodged            |    20 |    38 ||    58
Block: Shield            |    84 |    69 ||   153

Table legend:
 A = Non-vault XP
 B = Vault XP
 C = Vault XP percentage of total XP
 D = Non-vault monster count
 E = Vault monster count
 F = Vault count percentage of total count
                 A         B        C        D         E       F
            +---------+---------+-------+---------+---------+-------
      Total |     257 |       4 |   1.5 |      75 |       1 |   1.3
            +---------+---------+-------+---------+---------+-------
        D:1 |      65 |       0 |   0.0 |      32 |       0 |   0.0
        D:2 |      62 |       0 |   0.0 |      18 |       0 |   0.0
        D:3 |      64 |       4 |   5.9 |      17 |       1 |   5.6
        D:4 |      66 |       0 |   0.0 |       8 |       0 |   0.0
            +---------+---------+-------+---------+---------+-------
